 Dungeon Crawl Stone Soup version 0.22.0-27-ga576289 (webtiles) character file.

21 poirepourri the Magician (level 2, 0/19 HPs)
             Began as a Mummy Ice Elementalist on Aug 22, 2018.
             Slain by a frilled lizard (1 damage)
             ... on level 1 of the Dungeon.
             The game lasted 00:01:01 (786 turns).

poirepourri the Magician (Mummy Ice Elementalist)    Turns: 786, Time: 00:01:02

Health: 0/19       AC:  2    Str: 11    XL:     2   Next: 62%
Magic:  0/7        EV: 12    Int: 14    God:
Gold:   14         SH:  0    Dex: 12    Spells: 6/9 levels left

rFire    x . .     SeeInvis .   (no weapon)
rCold    + . .     Gourm    .   (no shield)
rNeg     + + +     Faith    .   a - +0 robe
rPois    ∞         Spirit   .   (no helmet)
rElec    .         Reflect  .   (no cloak)
rCorr    .         Harm     .   (no gloves)
MR       .....                  (no boots)
Stlth    ++........             (no amulet)
HPRegen  0.06/turn              (no ring)
MPRegen  0.10/turn              (no ring)

@: no status effects
A: no food or potions, fire vulnerability, cold resistance 1, negative energy
resistance 3, torment resistance, unbreathing
a: no special abilities


You were on level 1 of the Dungeon.
You were not hungry.

You visited 1 branch of the dungeon, and saw 1 of its levels.

You collected 14 gold pieces.

Inventory:

Armour
 a - a +0 robe (worn)
Scrolls
 b - a scroll of remove curse
 c - a scroll of enchant weapon {unknown}


   Skills:
 - Level 1.5 Dodging
 - Level 1.5 Stealth
 + Level 4.1 Spellcasting
 - Level 0.7 Conjurations
 - Level 2.4 Ice Magic


You had 6 spell levels left.
You knew the following spells:

 Your Spells              Type           Power        Failure   Level  Hunger
a - Freeze                Ice            #...         7%          1    N/A
b - Throw Frost           Conj/Ice       #.....       16%         2    N/A

Your spell library contained the following spells:

 Spells                   Type           Power        Failure   Level  Hunger
 Ozocubu's Armour         Chrm/Ice       #.......     34%         3    N/A
 Throw Icicle             Conj/Ice       #.......     69%         4    N/A
 Summon Ice Beast         Ice/Summ       #.......     75%         4    N/A

Dungeon Overview and Level Annotations

Branches:
Dungeon (1/15)

Altars:


Innate Abilities, Weirdness & Mutations

You do not eat or drink.
Your flesh is vulnerable to fire.
You are immune to poison.
Your flesh is cold resistant. (rC+)
You are immune to negative energy. (rN+++)
You are immune to unholy pain and torment.
You can survive without breathing.


Message History

Confirm with . or Enter, or press ? or * to list all spells.
Aiming: Freeze (safe; 7% risk of failure)
Press: ? - help, Shift-Dir - straight line, f - hobgoblin
Aim: a hobgoblin You freeze the hobgoblin.
The hobgoblin is almost dead.
The hobgoblin hits you.
* * * LOW HITPOINT WARNING * * *
You closely miss the hobgoblin.
The hobgoblin is almost dead.
The hobgoblin hits you but does no damage.
Casting: Freeze (safe; 7% risk of failure)
Confirm with . or Enter, or press ? or * to list all spells.
Aiming: Freeze (safe; 7% risk of failure)
Press: ? - help, Shift-Dir - straight line, f/p - hobgoblin
Aim: a hobgoblin (almost dead)
You freeze the hobgoblin.
You kill the hobgoblin!
The frilled lizard bites you.
You die...

..##....# #.#...
..##....######!#...
#.##...............
#.##...#########..P
#.##.............P≈
#.###..#.####..####.P≈≈
#.....>)..........#.###
########...######........
+.......@### ###....##
########l# #.#.#.. ####.#
#.#.#.. ##....####
#.#.... #....$...#
#.#.... #.#.##†#.#
#.#..## #..#(.#).# #.#..#
#.#.## #.# #.#..# #.# .#
#..#


You could see a frilled lizard.

Vanquished Creatures
  2 oozes (D:1)
  A ball python (D:1)
  A giant cockroach (D:1)
  3 hobgoblins (D:1)
  4 bats (D:1)
  A rat (D:1)
12 creatures vanquished.

Notes
Turn   | Place    | Note
-------+----------+-------------------------------------------
     0 | D:1      | poirepourri the Mummy Ice Elementalist began the quest for the Orb.
     0 | D:1      | Reached XP level 1. HP: 13/13 MP: 4/4
   171 | D:1      | Reached skill level 3 in Spellcasting
   207 | D:1      | Reached XP level 2. HP: 10/19 MP: 0/6
   384 | D:1      | Learned a level 2 spell: Throw Frost
   596 | D:1      | Reached skill level 4 in Spellcasting
   786 | D:1      | Slain by a frilled lizard

Skill      XL: |  1  2 |
---------------+-------+-----
Spellcasting   | 3 4 |  4.1
Dodging        | |  1.5
Stealth        | |  1.5
Conjurations   | |  0.7
Ice Magic      | |  2.4

Action                   || total
-------------------------++-------
Melee: Unarmed           ||     6
 Cast: Freeze            ||    20
       Throw Frost       ||     3
  Use: Scroll            ||     1
Armor: Robe              ||     6
Dodge: Dodged            ||    21
